 Dungeon Crawl Stone Soup version 0.29.0-13-gc9e81de378 (webtiles) character file.

Game seed: 17682912796137381852

287 Iusername the Covered (level 6, -2/114 (118) HPs)
             Began as a Minotaur Fighter on Sept 8, 2022.
             Slain by Sigmund
             ... wielding a +0 scythe
              (8 damage)
             ... on level 6 of the Dungeon.
             The game lasted 00:07:20 (3390 turns).

Iusername the Covered (Minotaur Fighter)            Turns: 3390, Time: 00:07:21

HP:   -2/114 (118)  AC: 23    Str: 19 (20) XL:     6   Next: 8%
MP:   5/5           EV:  2    Int:  2 (5)  God:
Gold: 114           SH:  4    Dex: 10 (12) Spells: 5/5 levels left

rFire   + . .      SeeInvis .   u - +3 flail
rCold   + . .      Faith    .   c - +0 buckler
rNeg    . . .      Spirit   .   (body armour currently unavailable)
rPois   +          Reflect  .   (helmet currently unavailable)
rElec   +          Harm     .   (cloak currently unavailable)
rCorr   +          Rampage  .   (gloves currently unavailable)
Will    .....      NoTele   +   (boots currently unavailable)
Stlth   ..........              (no amulet)
HPRegen 0.29/turn               (no ring)
MPRegen 0.09/turn               (no ring)

@: berserking (expiring), tree-form, resistant, attractive, hasted, lightly
drained, very quick
A: stationary, stasis, torment immunity, boosted hp, (horns 2), (retaliatory
headbutt), (cold resistance 1), sense surroundings 1, noise suppression
a: no special abilities


You were on level 6 of the Dungeon.
You were a tree.
You visited 1 branch of the dungeon, and saw 4 of its levels.

You collected 114 gold pieces.

Inventory:

Hand Weapons
 a - a +0 long sword
 u - a +3 flail (weapon)
Armour
 c - a +0 buckler (worn)
 d - a +2 scale mail of positive energy (melded)
Jewellery
 i - an amulet of faith
 l - a ring of see invisible
 q - a ring of resist corrosion
Wands
 v - a wand of polymorph (9) (quivered)
Scrolls
 b - a scroll of magic mapping {unknown}
 h - 2 scrolls of identify
 o - a scroll of brand weapon {unknown}
 r - 2 scrolls of enchant weapon
 s - a scroll of enchant armour {unknown}
 w - a scroll of vulnerability {unknown}
Potions
 f - a potion of resistance
 k - a potion of degeneration
 n - a potion of attraction


   Skills:
 + Level 4.5 Fighting
 + Level 4.8 Long Blades
 + Level 0.6 Maces & Flails
 + Level 5.0 Armour
 + Level 1.4 Dodging
 + Level 0.4 Stealth
 + Level 4.8 Shields


You had 5 spell levels left.
You didn't know any spells.
Your spell library contained the following spells:

 Spells                   Type           Power      Damage    Failure   Level
 Dazzling Flash           Conj/Hex       0%         N/A       94%         3
 Tukima's Dance           Hex            0%         N/A       94%         3
 Passage of Golubria      Tloc           0%         N/A       100%        4
 Agony                    Necr           0%         N/A       100%        5
 Silence                  Hex/Air        0%         N/A       100%        5
 Yara's Violent Unravell  Hex/Tmut       0%         3d3       100%        5


Dungeon Overview and Level Annotations

Branches:
Dungeon (3/15)

Altars:

Shops:
D:2 ?

Annotations:
D:6 Grinder, Pikel, Sigmund


Innate Abilities, Weirdness & Mutations

You are a tree.
Your roots penetrate the ground, keeping you stationary.
You cannot be teleported.
You are immune to unholy pain and torment.
Your maximum health is greatly increased.
Your equipment is partially melded.
((You have a pair of horns on your head.))
((You reflexively headbutt those who attack you in melee.))
((Your flesh is cold resistant. (rC+)))
You passively map a small area around you.
You passively dampen the noise of your surroundings.


Message History

Something hits you but does no damage.
The lemure hits you but does no damage. x3
Sigmund hits you but does no damage.
You are too berserk!
There are monsters nearby!
You barely miss the lemure.
The lemure is severely wounded.
The lemure hits you but does no damage. The lemure hits you.
* * * LOW HITPOINT WARNING * * *
The wight hits you but does no damage.
Grinder zaps a wand.
Some rock shatters into small pieces.
The lemure hits you.
* * * LOW HITPOINT WARNING * * *
The lemure hits you but does no damage. Something hits you but does no damage.
Sigmund completely misses you.
You are too berserk!
You closely miss the lemure.
The lemure is severely wounded.
You block the lemure's attack. The wight hits you with a +0 dagger.
* * * LOW HITPOINT WARNING * * *
You feel drained.
* * * LOW HITPOINT WARNING * * *
Something hits you but does no damage. The lemure hits you.
* * * LOW HITPOINT WARNING * * *
The lemure hits you but does no damage. You block the lemure's attack.
You sock the lemure!
The lemure is almost dead.
You block the lemure's attack. x2; The lemure hits you.
* * * LOW HITPOINT WARNING * * *
The wight hits you but does no damage. The lemure hits you but does no damage.
Sigmund mumbles some strange words.
Sigmund flickers and vanishes!
Something hits you but does no damage.
You are too berserk!
You bludgeon the lemure!!
You kill the lemure!
That felt strangely unrewarding.
The lemure barely misses you. The wight hits you but does no damage.
A sky beast appears from thin air!
Reactivating autopickup.
The sky beast hits you but does no damage.
Grinder zaps a wand.
Some rock shatters into small pieces.
The lemure hits you but does no damage. x2; Something hits you!
You die...

, *
#..?.#..##(.......#
*###..............[..#
,
.....................
,
*##.......##..........
, , . #.......
#5..[....# , ,
..##.#....# # ........
, ......#{.##.#
......., , , ,
#..5.55....# * ......
**#..KzJ♣.#*, *,
..h.,, ,....zzz5Y.<.#*
,,.....z#....>... ,
.....##..(..... , ,
..... #.......h , ....
*#..###### .... #.## ,
... *..# , , ,,


You could see Pikel, Grinder, a black bear (wandering), a sky beast, 3 lemures,
a jelly and 5 wights.

Vanquished Creatures
  A lemure (D:6)
  A bullfrog (D:6)
  A scorpion (D:6)
  Robin (D:3)
  4 adders
  A shadow imp (D:6)
  4 white imps (D:6)
  A worm (D:2)
  A dart slug (D:2)
  6 ball pythons
  6 endoplasms
  2 giant cockroaches (D:3)
  18 goblins
  6 hobgoblins
  2 jackals (D:2)
  3 kobolds
  2 quokkas
  2 bats
  4 frilled lizards (D:1)
  12 rats
78 creatures vanquished.

Vanquished Creatures (others)
  2 demonic plants (D:6)
2 creatures vanquished.

Grand Total: 80 creatures vanquished

Notes
Turn   | Place    | Note
-------+----------+-------------------------------------------
     0 | D:1      | Iusername the Minotaur Fighter began the quest for the Orb.
     0 | D:1      | Reached XP level 1. HP: 19/19 MP: 0/0
   106 | D:1      | Reached XP level 2. HP: 11/27 MP: 1/1
   717 | D:1      | Reached skill level 4 in Armour
   723 | D:1      | Reached XP level 3. HP: 28/33 MP: 2/2
  1231 | D:2      | Found Osenaori's Magic Scroll Boutique.
  1336 | D:2      | Reached XP level 4. HP: 18/40 MP: 3/3
  2153 | D:3      | Noticed Robin
  2185 | D:3      | Reached skill level 1 in Dodging
  2194 | D:3      | Killed Robin
  2479 | D:3      | Found a faded altar of an unknown god.
  2611 | D:3      | You fall into a shaft and drop 3 floors!
  2652 | D:6      | Reached XP level 5. HP: 37/46 MP: 4/4
  3360 | D:6      | Reached skill level 5 in Armour
  3360 | D:6      | Reached XP level 6. HP: 49/53 MP: 5/5
  3366 | D:6      | Noticed Grinder
  3367 | D:6      | Noticed Sigmund
  3372 | D:6      | Noticed Pikel
  3372 | D:6      | Noticed a sky beast
  3377 | D:6      | Gained mutation: You passively map a small area around you.
                  | [potion of mutation]
  3377 | D:6      | Gained mutation: You passively dampen the noise of your
                  | surroundings. [potion of mutation]
  3377 | D:6      | Gained mutation: Your flesh is cold resistant. (rC+)
                  | [potion of mutation]
  3389 | D:6      | HP: 5/114 [lemure[Pikel] (4)]
  3390 | D:6      | Slain by Sigmund

Illustrated notes

Levels and vault maps discovered:
D:1:      psy_arrival_heroes, layout_rooms, minmay_nonomino_d4
D:2:      layout_basic, serial_shops, nicolae_shop_hallway_stairs
D:3:      layout_basic, vehumet_statue, shapermc_ecumenical_altar_venn,
          uniq_robin
D:6:      layout_rooms, serial_demonic, serial_demonic_g, serial_demonic_e,
          serial_demonic_e, serial_demonic_a, kennysheep_generic_room_3,
          uniq_sigmund, uniq_grinder, uniq_pikel

Skill      XL: |  1  2  3  4  5 |
---------------+----------------+-----
Fighting       | 4 |  4.5
Shields        | 4 |  4.8
Armour         | 4 5 |  5.0
Long Blades    | 3 4 |  4.8
Dodging        | 1 |  1.4
Maces & Flails | |  0.6
Stealth        | |  0.4

Action                   |  1- 3 |  4- 6 || total
-------------------------+-------+-------++-------
Melee: Long sword        |   108 |    47 ||   155
       Headbutt          |    10 |    12 ||    22
       Flail             |       |    28 ||    28
  Use: Scroll            |     1 |     2 ||     3
       Potion            |       |     9 ||     9
Armor: Scale mail        |    45 |    65 ||   110
       Skin              |       |    35 ||    35
Dodge: Dodged            |    57 |    68 ||   125
Block: Buckler           |    27 |    43 ||    70
